 Dungeon Crawl Stone Soup version 0.25.1-2-g60ff931df9 (webtiles) character file.

Game seed: 2817605311077156796

340 H0rd4k the Insei (level 6, 0/38 HPs)
             Began as an Octopode Transmuter on Aug 4, 2020.
             Slain by an orc
             ... wielding a +0 hand axe
              (4 damage)
             ... on level 4 of the Dungeon.
             The game lasted 00:04:01 (4626 turns).

H0rd4k the Insei (Octopode Transmuter)              Turns: 4626, Time: 00:04:02

Health: 0/38       AC:  1    Str:  9    XL:     6   Next: 56%
Magic:  10/10      EV: 14    Int: 18    God:
Gold:   137        SH:  0    Dex: 12    Spells: 5/11 levels left

rFire    . . .     SeeInvis .     - Unarmed
rCold    . . .     Gourm    .   (no shield)
rNeg     . . .     Faith    .   (helmet restricted)
rPois    .         Spirit   .   (no amulet)
rElec    .         Reflect  .   (no ring)
rCorr    .         Harm     .   (no ring)
MR       .....                  (no ring)
Stlth    +++.......             (no ring)
HPRegen  0.12/turn              (no ring)
MPRegen  0.12/turn              (no ring)
                                (no ring)
                                (no ring)

@: lethally poisoned (0 -> -10), appendage
A: almost no armour, stealthy swim, amphibious, 8 rings, constrict 8, tentacle
spike 3, camouflage 1, gelatinous body 1
a: End Transformation


You were on level 4 of the Dungeon.
You were not hungry.
One of your tentacles had a temporary spike.
You visited 1 branch of the dungeon, and saw 4 of its levels.

You collected 137 gold pieces.

Inventory:

Missiles
 a - 12 arrows
 n - 4 boomerangs (quivered)
 p - 12 poisoned darts
Jewellery
 r - an uncursed ring of protection from magic {unknown}
Wands
 b - a wand of polymorph (12)
Scrolls
 d - 2 scrolls of amnesia {unknown}
 h - 2 scrolls of identify {unknown}
 i - a scroll of blinking {unknown}
 j - 2 scrolls of remove curse {unknown}
 k - a scroll of teleportation {unknown}
Potions
 e - 2 potions of might {unknown}
 f - 3 potions of lignification {unknown}
 g - a potion of magic {unknown}
 l - a potion of haste {unknown}
 m - 2 potions of mutation {unknown}
 o - a potion of curing {unknown}
 q - a potion of degeneration {unknown}
 s - a potion of heal wounds {unknown}
Comestibles
 c - 3 rations


   Skills:
 + Level 1.5 Fighting
 + Level 2.8 Dodging
 + Level 3.1 Stealth
 + Level 5.0 Unarmed Combat
 * Level 3.1 Spellcasting
 * Level 3.0 Transmutations


You had 5 spell levels left.
You knew the following spells:

 Your Spells              Type           Power        Failure   Level  Hunger
a - Beastly Appendage     Tmut           ##....       4%          1    None
b - Sticks to Snakes      Tmut           ##......     7%          2    ##.....
c - Spider Form           Tmut/Pois      #.........   26%         3    ###....

Your spell library contained the following spells:

 Spells                   Type           Power        Failure   Level  Hunger
 Ice Form                 Ice/Tmut       #.......     65%         4    ####...
 Blade Hands              Tmut           ##........   78%         5    ######.


Dungeon Overview and Level Annotations

Branches:
Dungeon (4/15)
 Temple: D:4-7

Altars:


Innate Abilities, Weirdness & Mutations

You cannot wear most types of armour.
You are very stealthy in the water. (Stealth+)
You are amphibious.
You can wear up to eight rings at the same time.
You can use your tentacles to constrict eight enemies at once.
Your skin changes colour to match your surroundings (Stealth+).
Your rubbery body absorbs attacks. (AC +1, EV +1)
One of your tentacles bears a large vicious spike.


Message History

Your grab misses the orc. You squeeze the orc.
The orc is almost dead.
* * * LOW HITPOINT WARNING * * *
You feel sick. The orc hits you with a +0 short sword.
* * * LOW HITPOINT WARNING * * *
You closely miss the orc. You grab the orc.
The orc is almost dead.
You constrict the orc, but do no damage.
* * * LOW HITPOINT WARNING * * *
You feel sick.
Unknown command.
You tentacle-slap the orc.
You kill the orc!
* * * LOW HITPOINT WARNING * * *
You feel sick.
You tentacle-slap the orc but do no damage.
Your grab misses the orc.
You pierce the orc.
The orc is heavily wounded.
The orc hits you with a +0 hand axe.
You die...

#......# . #......# ..
#......# ... #......# ....
#......########### .....
...................#
......#########.##.......#
.........######.##.......#
..........oo@..>......####
.........#?########.#.#
.........#.# #.#.#
##########.# ## #.#)# ..#
#.. #...# ⌠..
#...##..####### ....
#....÷......... ....
#.#####.####### ......
.#......#


You could see 2 orcs.

Vanquished Creatures
  A howler monkey (D:4)
  An orc priest (D:3)
  Natasha (twice) (D:4)
  2 orc wizards
  A worker ant (D:4)
  A hound skeleton (D:4)
  2 adders
  A shadow imp (D:3)
  4 worms
  A dart slug (D:1)
  21 orcs
  3 bats
  5 giant cockroaches
  10 goblins
  6 hobgoblins
  8 kobolds
  2 ball pythons (D:1)
  4 frilled lizards
  3 rats
78 creatures vanquished.

Notes
Turn   | Place    | Note
-------+----------+-------------------------------------------
     0 | D:1      | H0rd4k the Octopode Transmuter began the quest for the Orb.
     0 | D:1      | Reached XP level 1. HP: 13/13 MP: 3/3
    45 | D:1      | Reached XP level 2. HP: 12/18 MP: 5/5
  1153 | D:2      | Reached XP level 3. HP: 21/23 MP: 6/6
  1789 | D:2      | Reached skill level 4 in Unarmed Combat
  1892 | D:2      | Reached skill level 1 in Stealth
  2262 | D:3      | Reached XP level 4. HP: 23/28 MP: 5/7
  2674 | D:3      | Reached XP level 5. HP: 19/33 MP: 6/9
  2940 | D:3      | Found a faded altar of an unknown god.
  2999 | D:3      | Learned a level 2 spell: Sticks to Snakes
  3003 | D:3      | Learned a level 3 spell: Spider Form
  4109 | D:4      | Noticed Natasha
  4120 | D:4      | Killed Natasha
  4126 | D:4      | Noticed Natasha
  4132 | D:4      | Killed Natasha
  4153 | D:4      | Reached XP level 6. HP: 22/38 MP: 8/10
  4395 | D:4      | Reached skill level 5 in Unarmed Combat
  4626 | D:4      | Slain by an orc

Illustrated notes

Levels and vault maps discovered:
D:1:      minmay_arrival_four_houses, layout_rooms, minmay_pentomino_q4
D:2:      layout_loops_ring
D:3:      layout_basic, chequers_ecumenical_altar_simple_redux, first_ration
D:4:      minmay_skewed_foursquare, layout_basic,
          nicolae_overflow_crystal_walls, uniq_duvessa, uniq_ijyb, uniq_natasha

Skill      XL: |  1  2  3  4  5  6 |
---------------+-------------------+-----
Unarmed Combat | 4 5 |  5.0
Stealth        | 1 2 3 |  3.1
Spellcasting   | 3 |  3.1
Transmutations | 3 |  3.0
Fighting       | |  1.5
Dodging        | |  2.8

Action                   |  1- 3 |  4- 6 || total
-------------------------+-------+-------++-------
Melee: Unarmed           |    86 |   132 ||   218
       Constrict         |    22 |    36 ||    58
       Tentacles         |    10 |    28 ||    38
       Punch             |     3 |     3 ||     6
       Kick              |     6 |    19 ||    25
 Cast: Beastly Appendage |     5 |     8 ||    13
 Stab: Sleeping          |     4 |     4 ||     8
       Distracted        |       |     1 ||     1
  Eat: Chunk             |     4 |     8 ||    12
Armor: Skin              |     3 |     7 ||    10
Dodge: Dodged            |    36 |    83 ||   119
